[Event "December 19 Early 2023"]
[Site "https://www.chess.com"]
[Date "2023.12.19"]
[Round "11"]
[White "Agibileg, Uurtsaikh"]
[Black "Jones, Gawain C B"]
[Result "0-1"]
[Board "27"]
[TimeControl "180+1"]
[WhiteFideId "4901606"]
[BlackFideId "409561"]
[WhiteElo "2288"]
[BlackElo "2645"]
[WhiteTeam "MGL"]
[BlackTeam "ENG"]
[WhiteClock "0:02:37"]
[BlackClock "0:02:43"]

1. d4 Nf6 2. c4 g6 3. Nc3 Bg7 4. e4 O-O 5. Be2 d6 6. Nf3 e5 7. O-O Nbd7 8. Be3 Qe7 9. d5 c5 10. Ne1 Kh8 11. g4 Ng8 12. Qd2 f5 13. gxf5 gxf5 14. exf5 Ndf6 15. Kh1 Bxf5 16. Rg1 Ne4 17. Nxe4 Bxe4+ 18. f3 Bg6 19. Bd3 e4 20. fxe4 Bxe4+ 21. Bxe4 Qxe4+ 22. Ng2 Nf6 23. Bh6 Bxh6 24. Qxh6 Ng4 0-1

[Event "December 19 Early 2023"]
[Site "https://www.chess.com"]
[Date "2023.12.19"]
[Round "11"]
[White "Harutjunyan, Gevorg"]
[Black "Adla, Diego"]
[Result "0-1"]
[Board "28"]
[TimeControl "180+1"]
[WhiteFideId "13300873"]
[BlackFideId "100072"]
[WhiteElo "2436"]
[BlackElo "2377"]
[WhiteTeam "ARM"]
[BlackTeam "ARG"]
[WhiteClock "0:00:00"]
[BlackClock "0:01:05"]

1. e4 e5 2. Nf3 Nc6 3. d4 exd4 4. Nxd4 Nf6 5. Nc3 Bb4 6. Nxc6 bxc6 7. Bd3 O-O 8. O-O d5 9. exd5 Bg4 10. Ne2 cxd5 11. h3 Bh5 12. c3 Bd6 13. Qa4 Bg6 14. Rd1 Re8 15. Be3 c5 16. Bb5 Re4 17. Qa6 Qe7 18. Bg5 Re6 19. Kf1 h6 20. Bxf6 Rxf6 21. Qc6 Rb8 22. Rxd5 Bg3 23. Nxg3 Rxc6 24. Bxc6 Rxb2 25. Re1 Qf6 26. Re8+ Kh7 27. f3 Qxc6 28. Rdd8 Bd3+ 29. Kg1 c4 30. Kh2 Qxf3 31. Rh8+ Kg6 32. Rd6+ f6 0-1

[Event "December 19 Early 2023"]
[Site "https://www.chess.com"]
[Date "2023.12.19"]
[Round "11"]
[White "Cristobal, Manuel"]
[Black "Jumabayev, Rinat"]
[Result "1-0"]
[Board "29"]
[TimeControl "180+1"]
[WhiteFideId "112879"]
[BlackFideId "13702661"]
[WhiteElo "2244"]
[BlackElo "2561"]
[WhiteTeam "ARG"]
[BlackTeam "KAZ"]
[WhiteClock "0:00:18"]
[BlackClock "0:00:00"]

1. d4 Nf6 2. Nf3 e6 3. e3 b6 4. Bd3 Bb7 5. O-O c5 6. b3 Be7 7. Bb2 O-O 8. c4 d6 9. Nc3 cxd4 10. exd4 Nbd7 11. Re1 Re8 12. d5 e5 13. Ne4 Nxe4 14. Bxe4 g6 15. Bc2 f5 16. b4 Bf6 17. Ba4 Qc7 18. Rc1 Re7 19. c5 bxc5 20. Bxd7 Rxd7 21. bxc5 dxc5 22. Bxe5 Bxe5 23. Rxe5 Rad8 24. Qe2 Bxd5 25. Re8+ Rxe8 26. Qxe8+ Kg7 27. Rxc5 Qxc5 28. Qxd7+ Kh6 29. Qe8 Qc1+ 30. Ne1 Be4 31. Kf1 Qc4+ 32. Kg1 Qe2 33. Qf8+ Kh5 34. Qb4 Qxa2 35. f3 Bd5 36. g4+ fxg4 37. Qxg4+ Kh6 38. Qf4+ g5 39. Qf6+ Kh5 40. Qf5 Kh6 41. Qf6+ Kh5 42. Qf5 Bg8 43. Nd3 Qa1+ 44. Kg2 Qd4 45. Nf2 Qf4 46. Qd7 Kg6 47. Ng4 Qf5 48. Qxa7 Bd5 49. Qb6+ Qe6 50. Qd4 Qf5 51. Ne5+ Kh5 52. Qxd5 Qc2+ 53. Kg3 1-0

[Event "December 19 Early 2023"]
[Site "https://www.chess.com"]
[Date "2023.12.19"]
[Round "11"]
[White "Yeritsyan, Hayk"]
[Black "Materia, Marco"]
[Result "0-1"]
[Board "30"]
[TimeControl "180+1"]
[WhiteFideId "13307320"]
[BlackFideId "45150451"]
[WhiteElo "2130"]
[BlackElo "2451"]
[WhiteTeam "ARM"]
[BlackTeam "FRA"]
[WhiteClock "0:01:27"]
[BlackClock "0:01:53"]

1. d4 Nf6 2. c4 e6 3. Nf3 d5 4. e3 Be7 5. Nbd2 O-O 6. Bd3 Nbd7 7. O-O b6 8. e4 dxe4 9. Nxe4 Bb7 10. Qe2 c5 11. Rd1 Nxe4 12. Bxe4 Bxe4 13. Qxe4 Nf6 14. Qe2 cxd4 15. Nxd4 Qc8 16. b3 Rd8 17. Bb2 Qb7 18. Re1 Bb4 19. Red1 Rd7 20. a3 Bf8 21. Nf3 Rad8 22. Ne5 Qe4 23. Qxe4 Rxd1+ 24. Qe1 Rxe1+ 25. Rxe1 Rd2 26. Rb1 Bc5 27. b4 Bxf2+ 28. Kf1 Be3 29. Nc6 Rf2+ 30. Ke1 Rxg2 31. Bxf6 Rg1+ 32. Ke2 Rxb1 33. Be7 Bf4 34. Nxa7 Bxh2 35. c5 bxc5 36. Bxc5 Rb2+ 37. Kd1 h5 38. a4 h4 39. Nc6 h3 40. Nd4 Bg1 41. Nf3 Bxc5 42. b5 0-1

[Event "December 19 Early 2023"]
[Site "https://www.chess.com"]
[Date "2023.12.19"]
[Round "11"]
[White "Kavyev, Ruslan"]
[Black "Vakhlamov, Igor L."]
[Result "1-0"]
[Board "31"]
[TimeControl "180+1"]
[WhiteFideId "34110981"]
[BlackFideId "24126748"]
[WhiteElo "2336"]
[BlackElo "2407"]
[WhiteTeam "RUS"]
[BlackTeam "RUS"]
[WhiteClock "0:00:02"]
[BlackClock "0:00:00"]

1. d4 d5 2. c4 e6 3. g3 Nf6 4. Bg2 c5 5. Nf3 Nc6 6. O-O Be7 7. Nc3 O-O 8. cxd5 exd5 9. b3 Ne4 10. Bb2 Bf6 11. Na4 cxd4 12. Nxd4 Bxd4 13. Bxd4 Bf5 14. e3 Re8 15. Rc1 Rc8 16. Bb2 Bg6 17. Nc5 Qe7 18. Nd3 Rcd8 19. Nf4 Bf5 20. Qh5 Bg6 21. Qe2 Bf5 22. Rfd1 d4 23. Bxd4 Nxd4 24. exd4 Qb4 25. Qh5 g6 26. Qg5 Nc3 27. Rd2 Ne4 28. Bxe4 Qxd2 29. Bxf5 Qxc1+ 30. Kg2 Qc6+ 31. Kh3 Rxd4 32. Nh5 Qf3 33. Nf6+ Kh8 34. Bg4 Rxg4 35. Nxg4 Qf5 36. Qh6 1-0

[Event "December 19 Early 2023"]
[Site "https://www.chess.com"]
[Date "2023.12.19"]
[Round "11"]
[White "Belov, Alexei"]
[Black "Samunenkov, Ihor"]
[Result "0-1"]
[Board "32"]
[TimeControl "180+1"]
[WhiteFideId "4128206"]
[BlackFideId "14187086"]
[WhiteElo "2605"]
[BlackElo "2473"]
[WhiteTeam "RUS"]
[BlackTeam "UKR"]
[WhiteClock "0:00:00"]
[BlackClock "0:00:04"]

1. e4 c6 2. d4 d5 3. Nd2 dxe4 4. Nxe4 Bf5 5. Ng3 Bg6 6. N1e2 Nf6 7. c3 e6 8. Nf4 Bd6 9. h4 Qc7 10. Qf3 O-O 11. h5 Bf5 12. Nxf5 exf5 13. Bd3 Ne4 14. Be3 Nd7 15. O-O-O Ndf6 16. Nh3 Qa5 17. Ng5 Ba3 18. bxa3 Qxa3+ 19. Kb1 Nxc3+ 20. Kc2 Qxa2+ 21. Kc1 Nxd1 22. Rxd1 Qa1+ 23. Kd2 Qa5+ 24. Ke2 Nd5 25. Kf1 Nxe3+ 26. fxe3 Rae8 27. Bxf5 g6 28. Bd3 Qxg5 29. Re1 Qxh5 30. Qf4 c5 31. Kf2 cxd4 32. e4 Qe5 33. Qg4 Qg7 34. Bc4 h6 35. Rh1 Re5 36. Qf4 h5 37. g4 b5 38. Bd5 hxg4 39. Qxg4 Rd8 40. Qh4 Rdxd5 41. exd5 Rxd5 42. Qe7 Rf5+ 43. Kg2 Rh5 44. Qd8+ Kh7 45. Qd5 Rxh1 46. Kxh1 b4 47. Qc4 a5 48. Qb5 Qh6+ 49. Kg2 Qh5 50. Qd7 Qg5+ 51. Kf3 Qf5+ 0-1

[Event "December 19 Early 2023"]
[Site "https://www.chess.com"]
[Date "2023.12.19"]
[Round "11"]
[White "Ozates, Tuna"]
[Black "Suyarov, Mukhammadzokhid"]
[Result "0-1"]
[Board "33"]
[TimeControl "180+1"]
[WhiteFideId "6354521"]
[BlackFideId "14210495"]
[WhiteElo "2151"]
[BlackElo "2449"]
[WhiteTeam "TUR"]
[BlackTeam "UZB"]
[WhiteClock "0:00:47"]
[BlackClock "0:01:46"]

1. e4 e5 2. Nf3 Nc6 3. Bb5 a6 4. Ba4 Nf6 5. d3 b6 6. Bxc6 dxc6 7. Nxe5 Bb7 8. O-O Be7 9. f4 O-O 10. Be3 Nd7 11. Nxd7 Qxd7 12. Nc3 f6 13. Qh5 f5 14. e5 c5 15. Rad1 Rad8 16. Qe2 Qe6 17. b3 Qc6 18. Rf3 h6 19. Qf2 Qe6 20. Rh3 g5 21. fxg5 f4 22. Bxf4 Rd4 23. Ne4 Bxe4 24. gxh6 Kh7 25. c3 Rd5 26. Rg3 Bg6 27. Qe3 Qf5 28. c4 Rd4 29. Bg5 Rxd3 30. Qxd3 Qf2+ 0-1

[Event "December 19 Early 2023"]
[Site "https://www.chess.com"]
[Date "2023.12.19"]
[Round "11"]
[White "Starozhilov, Leonid"]
[Black "Shaik Sumer Arsh"]
[Result "1-0"]
[Board "34"]
[TimeControl "180+1"]
[WhiteFideId "14106752"]
[BlackFideId "45020000"]
[WhiteElo "2246"]
[BlackElo "2358"]
[WhiteTeam "UKR"]
[BlackTeam "IND"]
[WhiteClock "0:00:07"]
[BlackClock "0:00:09"]

1. e4 e6 2. d4 d5 3. Nc3 Bb4 4. e5 c5 5. a3 Bxc3+ 6. bxc3 Nc6 7. h4 Qa5 8. Bd2 Bd7 9. h5 h6 10. Rh4 c4 11. Ne2 Nge7 12. Rg4 Rh7 13. Ng3 O-O-O 14. Be2 f5 15. Rh4 g5 16. hxg6 Nxg6 17. Rh2 h5 18. Nxh5 Rdh8 19. Kf1 Be8 20. Rh3 Nge7 21. Nf4 Rxh3 22. Nxh3 Ng6 23. Kg1 Rh4 24. f4 b5 25. Qe1 Qb6 26. Qf2 Rh6 27. Ng5 Nge7 28. g3 Nd8 29. Kg2 Nf7 30. Qe3 Qa5 31. Nf3 Qa4 32. Bd1 Rg6 33. Kf2 Nh6 34. Nh4 Ng4+ 35. Bxg4 Rxg4 36. Rc1 Qxa3 37. Nf3 Rg6 38. Ng5 Rh6 39. Kg2 Bh5 40. Rh1 Qa4 41. Rc1 Bg4 42. Be1 Kd7 43. Bf2 Ng6 44. Qd2 Nf8 45. Qe3 Nh7 46. Qd2 Nxg5 47. fxg5 Rg6 48. Be3 Qa6 49. Rh1 Qc8 50. Rh7+ Kc6 51. Qc1 a5 52. Qa3 b4 53. Qxa5 bxc3 54. Qc5# 1-0

[Event "December 19 Early 2023"]
[Site "https://www.chess.com"]
[Date "2023.12.19"]
[Round "11"]
[White "Asish Panda"]
[Black "Halkias, Stelios"]
[Result "0-1"]
[Board "35"]
[TimeControl "180+1"]
[WhiteFideId "45012458"]
[BlackFideId "4201809"]
[WhiteElo "1767"]
[BlackElo "2462"]
[WhiteTeam "IND"]
[BlackTeam "GRE"]
[WhiteClock "0:00:00"]
[BlackClock "0:00:22"]

1. e4 c5 2. Nf3 d6 3. d4 cxd4 4. Qxd4 Nc6 5. Bb5 Bd7 6. Bxc6 bxc6 7. c4 e5 8. Qd3 Qc7 9. Nc3 Ne7 10. O-O Ng6 11. Be3 Be7 12. Rfd1 Bg4 13. Nd2 Bxd1 14. Rxd1 O-O 15. f3 Rfd8 16. Nb3 h6 17. g3 Rab8 18. Qe2 Nf8 19. Qf2 a5 20. Na4 Nd7 21. Rd3 Rb4 22. Nc3 Rxc4 23. a3 Rb8 24. Nd2 Rd4 25. Bxd4 exd4 26. Qxd4 d5 27. Na4 Ne5 28. Rc3 dxe4 29. Nxe4 Rd8 30. Qb6 Qd7 31. Qe3 Qd1+ 32. Kg2 Qxa4 33. Nf2 Qd4 34. Qe2 Qd5 35. Re3 Bf6 36. Ne4 Qb5 37. Qc2 Rd3 38. Nxf6+ gxf6 39. a4 Qd5 40. Rxd3 Qxd3 41. Qc5 Qxf3+ 42. Kh3 Qf5+ 43. Kg2 Qe4+ 44. Kh3 Kg7 45. Qxa5 Qf5+ 46. Kg2 Qf3+ 47. Kh3 Ng4 48. Qd2 Nf2+ 0-1

[Event "December 19 Early 2023"]
[Site "https://www.chess.com"]
[Date "2023.12.19"]
[Round "11"]
[White "Karas, Marek"]
[Black "Arabidze, Meri"]
[Result "0-1"]
[Board "36"]
[TimeControl "180+1"]
[WhiteFideId "14928558"]
[BlackFideId "13604040"]
[WhiteElo "2218"]
[BlackElo "2416"]
[WhiteTeam "CZE"]
[BlackTeam "GEO"]
[WhiteClock "0:00:00"]
[BlackClock "0:00:10"]

1. d4 Nf6 2. Nf3 e6 3. c4 Bb4+ 4. Bd2 Qe7 5. e3 O-O 6. Bd3 Bxd2+ 7. Qxd2 d6 8. Nc3 e5 9. Bc2 h6 10. O-O-O Nc6 11. Nd5 Nxd5 12. cxd5 Nd8 13. dxe5 dxe5 14. d6 cxd6 15. Qxd6 Qxd6 16. Rxd6 Nc6 17. Be4 Be6 18. Bxc6 bxc6 19. b3 Bd5 20. Nxe5 Rfe8 21. Nf3 a5 22. Kb2 a4 23. Nd4 axb3 24. axb3 Rab8 25. Kc3 Bxg2 26. Rg1 Bd5 27. Rxh6 c5 28. Nf5 g6 29. Nd6 Rxb3+ 30. Kc2 Reb8 31. Rh5 Rb2+ 32. Kc1 Rb1+ 33. Kd2 Rxg1 34. Rxd5 Rd8 35. e4 Rg2 36. Ke3 Rxh2 37. e5 c4 38. Rc5 Rh4 39. Rxc4 Rxc4 40. Nxc4 Kf8 41. Ke4 Ke7 42. Ne3 Ra8 0-1

[Event "December 19 Early 2023"]
[Site "https://www.chess.com"]
[Date "2023.12.19"]
[Round "11"]
[White "Zemlyanskii, Ivan"]
[Black "Manukyan, Sargis V."]
[Result "1-0"]
[Board "37"]
[TimeControl "180+1"]
[WhiteFideId "24249971"]
[BlackFideId "13303465"]
[WhiteElo "2418"]
[BlackElo "2236"]
[WhiteTeam "RUS"]
[BlackTeam "ARM"]
[WhiteClock "0:00:03"]
[BlackClock "0:00:00"]

1. d4 Nf6 2. c4 c5 3. d5 e6 4. Bf4 a6 5. Nc3 exd5 6. cxd5 b5 7. Nf3 d6 8. e3 Bb7 9. e4 b4 10. Na4 Nxe4 11. Bc4 Be7 12. O-O O-O 13. Re1 Nf6 14. Nxc5 dxc5 15. d6 Bxd6 16. Bxd6 Re8 17. Bxc5 Rxe1+ 18. Nxe1 Qc8 19. Rc1 Nc6 20. Qb3 Ne5 21. Qxb4 Nxc4 22. Qxc4 Bd5 23. Qa4 Qb7 24. Bd4 Ne4 25. Qa5 Re8 26. b3 h6 27. Rc7 Nd2 28. Nd3 Qb8 29. Be5 Qa8 30. Qxd2 Bxg2 31. Qf4 Bh1 32. Qg3 1-0

[Event "December 19 Early 2023"]
[Site "https://www.chess.com"]
[Date "2023.12.19"]
[Round "11"]
[White "Sipila, Vilka"]
[Black "Zhigalko, Sergei"]
[Result "0-1"]
[Board "38"]
[TimeControl "180+1"]
[WhiteFideId "505455"]
[BlackFideId "13502956"]
[WhiteElo "2343"]
[BlackElo "2616"]
[WhiteTeam "FIN"]
[BlackTeam "BLR"]
[WhiteClock "0:00:02"]
[BlackClock "0:00:08"]

1. e4 c5 2. Nf3 Nc6 3. d4 cxd4 4. Nxd4 Nf6 5. Nc3 e5 6. Ndb5 d6 7. Nd5 Nxd5 8. exd5 Nb8 9. a4 Be7 10. Be2 O-O 11. O-O f5 12. f4 Nd7 13. b4 a6 14. Na3 Bf6 15. Rb1 exf4 16. Bxf4 Ne5 17. a5 Bd7 18. Nc4 Nxc4 19. Bxc4 Rc8 20. Bd3 Bb5 21. Bxb5 axb5 22. Qe2 Qd7 23. Qe6+ Qxe6 24. dxe6 Rfe8 25. Bxd6 Bd4+ 26. Kh1 Rxe6 27. Bg3 g6 28. Rfd1 Re4 29. Rd2 f4 30. Bf2 Bxf2 31. Rxf2 Rcc4 32. g3 fxg3 33. hxg3 Rxb4 34. Rbf1 Re7 35. Rf8+ Kg7 36. Ra8 Rc4 37. Rf2 Rec7 38. Ra7 h5 39. Kg1 Kh6 40. Kg2 Rxc2 41. Rxc2 Rxc2+ 42. Kf3 Rc7 43. Kf4 b4 44. a6 Rc4+ 45. Kf3 bxa6 46. Rxa6 Rc3+ 47. Kf4 Rc4+ 48. Kf3 h4 49. gxh4 Rxh4 50. Rb6 Rc4 51. Ke3 Kh5 52. Kd3 Rg4 53. Ke3 g5 54. Rb8 Rc4 55. Kd3 Rf4 56. Ke3 Rh4 57. Kf3 Rh3+ 58. Kg2 Rb3 59. Kf2 Kg4 60. Rb7 Rb2+ 61. Kf1 Kg3 62. Rb5 g4 63. Rb6 b3 64. Rb5 Kf3 65. Rf5+ Ke4 66. Rb5 g3 67. Kg1 Kd4 68. Rg5 Rc2 69. Rxg3 b2 70. Rb3 Rc1+ 71. Kf2 b1=Q 72. Rxb1 Rxb1 0-1

[Event "December 19 Early 2023"]
[Site "https://www.chess.com"]
[Date "2023.12.19"]
[Round "11"]
[White "Haug, Havard"]
[Black "Tokhirjonova, Gulrukhbegim"]
[Result "1-0"]
[Board "39"]
[TimeControl "180+1"]
[WhiteFideId "1547887"]
[BlackFideId "14203626"]
[WhiteElo "2343"]
[BlackElo "2265"]
[WhiteTeam "NOR"]
[BlackTeam "USA"]
[WhiteClock "0:01:19"]
[BlackClock "0:00:47"]

1. e4 e5 2. Nc3 Nc6 3. Bc4 Nf6 4. d3 Bc5 5. Nf3 d6 6. O-O h6 7. Be3 a6 8. Bxc5 dxc5 9. Nd5 O-O 10. c3 Be6 11. Ne3 Qd6 12. Qb3 Na5 13. Qc2 Nxc4 14. Nxc4 Bxc4 15. dxc4 Qe6 16. b3 Rad8 17. Rfd1 Rfe8 18. Nd2 Nh5 19. Nf1 Nf4 20. Ne3 c6 21. g3 Nh3+ 22. Kh1 Qf6 23. Kg2 Ng5 24. Qe2 Nxe4 25. Rxd8 Rxd8 26. Re1 Rd2 27. Ng4 Rxe2 28. Nxf6+ gxf6 29. Rxe2 Nxc3 30. Rd2 b5 31. Rd6 Nxa2 32. Rxc6 Nc1 33. cxb5 axb5 34. b4 c4 35. Rc5 Nd3 36. Rxb5 c3 37. Rb8+ Kg7 38. b5 c2 39. Rc8 c1=Q 40. Rxc1 Nxc1 41. b6 Nd3 42. b7 f5 43. b8=Q e4 44. h4 h5 45. Kf1 Kg6 46. Ke2 f6 47. Ke3 Ne5 48. Qg8+ Kh6 49. Kd4 Ng4 50. Kd5 Nxf2 51. Ke6 Ng4 52. Kf7 Ne5+ 53. Kxf6 Ng4+ 54. Kxf5 Ne3+ 55. Kxe4 Ng4 56. Kf4 Nf6 57. Qg5+ Kh7 58. Qxf6 Kg8 59. Qe7 Kh8 60. Kf3 Kg8 61. Kf2 Kh8 62. Kf1 Kg8 63. Ke1 Kh8 64. Kd1 Kg8 65. Kc1 Kh8 66. Kb1 Kg8 67. Ka1 Kh8 68. Ka2 Kg8 69. Ka3 Kh8 70. Ka4 Kg8 71. Kb4 Kh8 72. Kc4 Kg8 73. Kd4 Kh8 74. Ke4 Kg8 75. Ke5 Kh8 76. Kf5 Kg8 77. Kg5 Kh8 78. Kxh5 Kg8 79. Kg4 Kh8 80. Kf3 Kg8 81. Ke2 Kh8 82. Ke1 Kg8 83. Kd1 Kh8 84. Kc1 Kg8 85. Kb1 Kh8 86. Ka1 Kg8 87. Ka2 Kh8 88. Ka3 Kg8 89. Ka4 Kh8 90. Ka5 Kg8 91. g4 Kh8 92. Kb5 Kg8 93. Kc5 Kh8 94. Kd4 Kg8 95. Ke4 Kh8 96. Ke3 Kg8 97. Kf2 Kh8 98. Kg1 Kg8 99. h5 Kh8 100. Kh1 Kg8 101. Kh2 Kh8 102. Kh3 Kg8 103. Kh4 Kh8 104. Kg5 Kg8 105. Kf5 Kh8 106. Ke5 Kg8 107. Kd5 Kh8 108. Kd6 Kg8 109. Kc6 Kh8 110. Kb6 Kg8 111. Ka6 Kh8 112. Ka7 Kg8 113. Ka8 Kh8 114. g5 Kg8 115. Kb8 Kh8 116. Kb7 Kg8 117. Kb6 Kh8 118. Kb5 Kg8 119. Kb4 Kh8 120. Kb3 Kg8 121. Kb2 Kh8 122. Kb1 Kg8 123. Kc1 Kh8 124. Kd1 Kg8 125. Ke1 Kh8 126. Kf1 Kg8 127. g6 Kh8 128. Kg2 Kg8 129. Kf3 Kh8 130. Kf4 Kg8 131. Kf5 Kh8 132. Kf6 Kg8 133. h6 Kh8 134. Qe8# 1-0

[Event "December 19 Early 2023"]
[Site "https://www.chess.com"]
[Date "2023.12.19"]
[Round "11"]
[White "Parpiev, Isaak"]
[Black "Dyachuk, Artem"]
[Result "1-0"]
[Board "40"]
[TimeControl "180+1"]
[WhiteFideId "34281576"]
[BlackFideId "34107924"]
[WhiteElo "2183"]
[BlackElo "2244"]
[WhiteTeam "RUS"]
[BlackTeam "UKR"]
[WhiteClock "0:00:39"]
[BlackClock "0:00:00"]

1. e4 e5 2. Nf3 Nc6 3. Nc3 Nf6 4. a3 g6 5. Bc4 Bg7 6. d3 O-O 7. Be3 d6 8. h3 Be6 9. Qd2 d5 10. exd5 Nxd5 11. O-O Nxe3 12. Qxe3 Nd4 13. Bxe6 fxe6 14. Nxd4 exd4 15. Qxe6+ Kh8 16. Ne4 Rf5 17. Rae1 Qf8 18. Ng3 Rb5 19. b4 a5 20. Qd7 c6 21. f4 axb4 22. f5 Qd8 23. Qf7 Qf6 24. fxg6 Qxg6 25. Qxg6 hxg6 26. axb4 Rxb4 27. Rf7 Rf8 28. Rd7 b6 29. Re6 Bf6 30. Ne4 Bg7 31. Rxc6 Rb1+ 32. Kh2 Be5+ 33. g3 Re1 34. h4 Re2+ 35. Kh3 b5 36. Rxg6 Rxc2 37. Rh6+ Kg8 38. Rh5 1-0

[Event "December 19 Early 2023"]
[Site "https://www.chess.com"]
[Date "2023.12.19"]
[Round "11"]
[White "Al-Tarboush, Ward"]
[Black "Yeremyan, Alen"]
[Result "0-1"]
[Board "41"]
[TimeControl "180+1"]
[WhiteFideId "7601450"]
[BlackFideId "13308998"]
[WhiteElo "2278"]
[BlackElo "2160"]
[WhiteTeam "NOR"]
[BlackTeam "ARM"]
[WhiteClock "0:00:01"]
[BlackClock "0:00:18"]

1. e4 Nf6 2. e5 Nd5 3. d4 d6 4. Nf3 Bg4 5. Be2 c6 6. c4 Nb6 7. exd6 exd6 8. O-O Be7 9. Nc3 O-O 10. b3 Bf6 11. h3 Bxf3 12. Bxf3 d5 13. cxd5 Nxd5 14. Nxd5 cxd5 15. Re1 Nc6 16. Ba3 Re8 17. Rxe8+ Qxe8 18. Bxd5 Nxd4 19. Rb1 Rd8 20. Bc4 Nb5 21. Qc1 Nc3 22. Ra1 b5 23. Bf1 Rd1 24. Qxd1 Nxd1 25. Rxd1 h5 26. Bc5 a6 27. g3 Qc6 28. Be3 h4 29. g4 Qc2 30. Rd2 Qb1 31. Kg2 Qe4+ 32. Kg1 g6 33. Bg2 Qb1+ 34. Bf1 Kg7 35. g5 Be5 36. f4 Qe1 37. Re2 Qg3+ 38. Bg2 Bxf4 39. Bd4+ Kf8 40. Bf2 Qxg5 41. Kf1 Bd6 42. Bf3 Qc1+ 43. Kg2 Qg5+ 44. Kf1 Qf4 45. Bd5 Qc1+ 46. Re1 Qd2 47. Bb7 Qxa2 48. Rd1 Be7 49. Bd5 Qc2 50. Rd4 Bc5 51. Rf4 Bxf2 52. Rxf7+ Ke8 53. Rxf2 Qd3+ 54. Re2+ Kf8 55. Be6 Kg7 56. Kf2 Qg3+ 57. Kf1 a5 58. Bd7 Qf3+ 59. Ke1 Qc3+ 60. Kf1 Qa1+ 61. Kg2 Qd1 62. Re7+ Kf6 63. Rh7 Qd5+ 64. Kh2 Qxb3 65. Bg4 Qg3+ 66. Kh1 b4 67. Rb7 Qe1+ 68. Kg2 Qd2+ 69. Kh1 Qd5+ 0-1

[Event "December 19 Early 2023"]
[Site "https://www.chess.com"]
[Date "2023.12.19"]
[Round "11"]
[White "Iskusnyh, Sergei"]
[Black "Matinian, Nikita"]
[Result "0-1"]
[Board "42"]
[TimeControl "180+1"]
[WhiteFideId "4120027"]
[BlackFideId "24129100"]
[WhiteElo "2455"]
[BlackElo "2417"]
[WhiteTeam "RUS"]
[BlackTeam "FID"]
[WhiteClock "0:00:00"]
[BlackClock "0:00:19"]

1. d4 Nf6 2. c4 g6 3. g3 Bg7 4. Bg2 O-O 5. Nc3 d6 6. Nf3 c6 7. O-O Bf5 8. e3 Ne4 9. Nxe4 Bxe4 10. Qe2 c5 11. Rd1 Qc7 12. b3 Nc6 13. Bb2 cxd4 14. Nxd4 Bxg2 15. Kxg2 a6 16. Nxc6 Qxc6+ 17. Kg1 Bxb2 18. Qxb2 Rfc8 19. Rac1 Qf3 20. Rd4 Rc5 21. Rf4 Qc6 22. b4 Rh5 23. h4 Rc8 24. Rd1 b5 25. cxb5 axb5 26. Rfd4 Rf5 27. Qd2 Qf3 28. Rd5 Rc4 29. Rxf5 Qxf5 30. Qd5 Qxd5 31. Rxd5 Rxb4 32. Kg2 Rb2 33. a3 f5 34. Rd3 Kf7 35. Rc3 h6 36. Rc7 g5 37. hxg5 hxg5 38. Rb7 g4 39. a4 b4 40. a5 d5 41. a6 Ra2 42. Rxb4 Rxa6 43. Rb5 Ke6 44. Rb2 Ke5 45. Rd2 e6 46. Rb2 Ra3 47. Rc2 Ke4 48. Rc6 e5 49. Rb6 d4 50. exd4 exd4 51. Rb2 Rc3 52. Ra2 d3 53. Ra8 d2 54. Re8+ Kd3 0-1

[Event "December 19 Early 2023"]
[Site "https://www.chess.com"]
[Date "2023.12.19"]
[Round "11"]
[White "Kozak, Antoni"]
[Black "Burovic, Rijad"]
[Result "0-1"]
[Board "43"]
[TimeControl "180+1"]
[WhiteFideId "21832030"]
[BlackFideId "14407701"]
[WhiteElo "2470"]
[BlackElo "2384"]
[WhiteTeam "POL"]
[BlackTeam "BIH"]
[WhiteClock "0:00:00"]
[BlackClock "0:00:28"]

1. e4 e6 2. d4 d5 3. e5 c5 4. c3 Nc6 5. Nf3 Bd7 6. Be2 Nge7 7. O-O cxd4 8. cxd4 Nf5 9. Na3 Bxa3 10. bxa3 Qb6 11. Be3 Nxe3 12. fxe3 Qa5 13. Qd3 h6 14. Rf2 O-O 15. Raf1 Rac8 16. Bd1 Ne7 17. a4 Rc3 18. Qd2 Nf5 19. Re1 Rfc8 20. g4 Ne7 21. Ref1 Bxa4 22. Bxa4 Qxa4 23. Ne1 Qe8 24. Nd3 b6 25. Nc5 Rc4 26. Nd3 Ng6 27. Rxf7 Qxf7 28. Rxf7 Kxf7 29. h4 Rc2 30. Qb4 Rxa2 31. Qd6 Rcc2 32. Ne1 Rc1 33. Kf1 Raa1 34. g5 Rxe1+ 35. Kf2 hxg5 36. Qd7+ Ne7 37. hxg5 Rf1+ 38. Ke2 Rg1 39. Qb7 Rxg5 40. Qa8 Rg2+ 41. Kf3 Raa2 0-1

[Event "December 19 Early 2023"]
[Site "https://www.chess.com"]
[Date "2023.12.19"]
[Round "11"]
[White "Postny, Evgeny"]
[Black "Saravana, Krishnan P."]
[Result "1-0"]
[Board "44"]
[TimeControl "180+1"]
[WhiteFideId "2804344"]
[BlackFideId "5018382"]
[WhiteElo "2505"]
[BlackElo "2167"]
[WhiteTeam "ISR"]
[BlackTeam "IND"]
[WhiteClock "0:00:09"]
[BlackClock "0:00:00"]

1. e4 c6 2. Nc3 d5 3. Nf3 dxe4 4. Nxe4 Nf6 5. Qe2 Nxe4 6. Qxe4 Be6 7. d4 Bd5 8. Qd3 Bxf3 9. Qxf3 Qxd4 10. c3 Qd5 11. Qg3 Nd7 12. Be2 Qe5 13. Bf4 Qe4 14. Rd1 e6 15. Be3 Qe5 16. Bf4 Qe4 17. Bd6 Bxd6 18. Qxd6 O-O-O 19. Qg3 Ne5 20. O-O Qxe2 21. Rde1 Qxb2 22. Rxe5 Rd7 23. Qxg7 Rhd8 24. Ree1 Qxa2 25. Qxh7 a5 26. h4 a4 27. Ra1 Qc4 28. g3 f5 29. Qh6 Rg8 30. Rfe1 f4 31. Qxe6 Qxe6 32. Rxe6 fxg3 33. Rxa4 Kc7 34. h5 Rf7 35. f4 Rd7 36. Rg6 Rh8 37. Ra5 Rd3 38. h6 Rxc3 39. Rh5 Rc2 40. Rxg3 Ra8 41. Kh1 Rd2 42. h7 Rdd8 43. Rg7+ Kb6 44. f5 Rf8 45. Kg2 Rh8 46. Kg3 Raf8 47. Kg4 Kc5 48. Kg5 b5 49. f6 Kd6 50. Kg6 Ke6 51. Re7+ Kd6 52. Re1 b4 53. Rd1+ Kc7 54. Rh4 c5 55. Rh5 Kb6 56. Rd6+ Kb5 57. Rdd5 Rc8 58. Kg7 b3 59. f7 b2 60. Rd1 Kb4 61. Rb1 Kb3 62. Rh2 c4 63. Rbxb2+ Kc3 64. Rbc2+ Kd4 65. Rcd2+ Kc5 66. Rdf2 Rcf8 67. Rf3 Kd6 68. Rh6+ Ke7 69. Re3+ Kd7 70. Rh5 1-0

[Event "December 19 Early 2023"]
[Site "https://www.chess.com"]
[Date "2023.12.19"]
[Round "11"]
[White "Kvaloy, Aksel Bu"]
[Black "Chan, Yi Ren Daniel"]
[Result "0-1"]
[Board "45"]
[TimeControl "180+1"]
[WhiteFideId "1528815"]
[BlackFideId "5801583"]
[WhiteElo "2265"]
[BlackElo "2375"]
[WhiteTeam "NOR"]
[BlackTeam "SGP"]
[WhiteClock "0:01:29"]
[BlackClock "0:01:31"]

1. d4 Nf6 2. Nf3 d5 3. Bf4 Bf5 4. e3 c6 5. Nbd2 e6 6. Be2 Nbd7 7. Ne5 h6 8. g4 Bh7 9. h4 Nxe5 10. dxe5 Ne4 11. Nxe4 Bxe4 12. f3 Bg6 13. h5 Bh7 14. Bd3 Qb6 15. Bxh7 Rxh7 16. Qd3 Rh8 17. O-O-O O-O-O 18. e4 Be7 19. Be3 Qa5 20. exd5 Rxd5 21. Qb3 Rxe5 22. Bf4 Rb5 23. Qc4 Rb4 24. Qc3 Bf6 25. Qd2 Bxb2+ 0-1

[Event "December 19 Early 2023"]
[Site "https://www.chess.com"]
[Date "2023.12.19"]
[Round "11"]
[White "Hajiyev, Kanan"]
[Black "Srihari L R"]
[Result "0-1"]
[Board "46"]
[TimeControl "180+1"]
[WhiteFideId "13404148"]
[BlackFideId "46617116"]
[WhiteElo "2102"]
[BlackElo "2338"]
[WhiteTeam "AZE"]
[BlackTeam "IND"]
[WhiteClock "0:00:09"]
[BlackClock "0:00:29"]

1. d4 Nf6 2. Nf3 d5 3. c4 e6 4. cxd5 exd5 5. Nc3 c6 6. Qc2 Bd6 7. Bg5 O-O 8. e3 Bg4 9. Ne5 Bh5 10. f4 Be7 11. Bd3 Bg6 12. f5 Bh5 13. Bxf6 Bxf6 14. g4 Bxe5 15. dxe5 Qh4+ 16. Qf2 Qxf2+ 17. Kxf2 Bxg4 18. Rhg1 Bh5 19. e4 Nd7 20. Rg5 Nxe5 21. Bc2 d4 22. Rxh5 dxc3 23. bxc3 Rfd8 24. Ke2 f6 25. Rb1 b6 26. Bb3+ Kh8 27. Rg1 h6 28. Rh3 Rd6 29. Rhg3 g5 30. fxg6 Kg7 31. h4 h5 32. Rd1 Rad8 33. Rxd6 Rxd6 34. Ke1 Nxg6 35. Bd1 Kh6 36. Rf3 Nxh4 37. Rh3 Ng2+ 38. Kf2 Rxd1 39. Kxg2 Rd2+ 40. Kf3 Rd3+ 41. Kg2 Rxh3 42. Kxh3 Kg5 0-1